 Dungeon Crawl Stone Soup version 0.30.0-29-ga12c61a403 (webtiles) character file.

Game seed: 14593313400036382174

44192 AIAndy the Eclecticist (level 14, 0/106 HPs)
             Began as a Djinni Fire Elementalist on June 19, 2023.
             Was a High Priest of Makhleb.
             Killed from afar by a steam dragon (6 damage)
             ... with a ball of steam
             ... on level 5 of the Lair of Beasts.
             The game lasted 01:45:02 (13288 turns).

AIAndy the Eclecticist (Djinni Fire Elementalist)  Turns: 13288, Time: 01:45:02

Health: 0/106      AC:  9    Str:  7    XL:     14   Next: 64%
Gold:   879        EV: 14    Int: 28    God:    Makhleb [*****.] SH:  0 Dex: 14

rFire   + + .        g - +2 short sword (elec)
rCold   x . .        p - orb {light}
rNeg    . . .        C - +0 acid dragon scales
rPois   ∞            N - +0 helmet
rElec   .            L - +0 cloak
rCorr   +            I - +0 pair of gloves
SInv    .            (boots unavailable)
Will    ++...        l - amulet of regeneration
Stlth   +            A - ring of willpower
HPRegen 1.17/turn    q - +6 ring of intelligence
MPRegen 0.00/turn

%: infuse magic (-1 HP)
@: about to teleport, frozen, flying, glowing, very slow
A: sickness immunity, fire resistance 2, cold vulnerability 1, float, innate
caster, HP casting, extra vitality 1
a: Renounce Religion, Minor Destruction, Lesser Servant of Makhleb, Major
Destruction, Greater Servant of Makhleb


You were on level 5 of the Lair of Beasts.
You worshipped Makhleb.
Makhleb was extremely pleased with you.
You visited 3 branches of the dungeon, and saw 17 of its levels.
You also visited: Sewer and Volcano.

You collected 1019 gold pieces.
You spent 140 gold pieces at shops.

Inventory:

Hand Weapons
 g - a +2 short sword of electrocution (weapon)
 n - a +2 hand axe of flaming
 O - the +7 sling "Nulo" {drain, SInv}
   (You found it on level 5 of the Lair of Beasts)

   SInv:      It lets you see invisible.
 Q - a +2 hand crossbow of flaming
 T - a +2 battleaxe of flaming
 U - a +0 dire flail of flaming
 V - a +0 halberd of flaming
Missiles
 w - 5 throwing nets
Armour
 p - an orb of light (worn)
 C - +0 acid dragon scales (worn)
 F - the +0 robe "Duvuadgh" {Rampage rN++ Will+ Dex-2 Stlth+}
   (You found it on level 8 of the Dungeon)

   Dex:       It affects your dexterity (-2).
   rN:        It greatly protects you from negative energy.
   Rampage:   It bestows one free step when moving towards enemies.
   Will:      It increases your willpower.
   Stlth:     It makes you more stealthy.
 I - a +0 pair of gloves (worn)
 L - a +0 cloak (worn)
 N - a +0 helmet (worn)
 R - a +2 ring mail of fire resistance
 S - a +1 plate armour of fire resistance
 W - +0 steam dragon scales
Jewellery
 k - a ring of see invisible
 l - an amulet of regeneration (around neck)
 q - a +6 ring of intelligence (right hand)
 A - a ring of willpower (left hand)
 D - a ring of protection from cold
Wands
 h - a wand of flame (30)
 x - a wand of paralysis (24)
 B - a wand of quicksilver (15)
 E - a wand of polymorph (9)
Scrolls
 c - 7 scrolls of teleportation
 j - a scroll of butterflies
 o - 2 scrolls of poison
 r - a scroll of blinking
 s - a scroll of immolation {unknown}
 t - 3 scrolls of enchant weapon
 u - 3 scrolls of fog
 y - a scroll of magic mapping
 G - a scroll of enchant armour {unknown}
 H - a scroll of noise {unknown}
 K - 2 scrolls of fear
Potions
 a - 3 potions of haste
 b - 3 potions of mutation
 d - 5 potions of curing
 e - 5 potions of brilliance
 f - 4 potions of might
 i - 5 potions of heal wounds
 m - 3 potions of ambrosia
 v - 2 potions of attraction
 z - a potion of invisibility
 J - 2 potions of lignification
 P - a potion of cancellation {unknown}
Miscellaneous
 M - a tin of tremorstones (2/2)


   Skills:
 + Level 11.9 Fighting
 - Level 9.0 Dodging
 - Level 2.0 Stealth
 + Level 16.0 Spellcasting
 - Level 2.0 Evocations


You knew the following spells:

 Your Spells              Type           Power      Damage    Failure   Level
a - Foxfire               Conj/Fire      100%       2x1d9     0%          1
b - Scorch                Fire           100%       2d9       0%          2
c - Volatile Blastmotes   Fire/Tloc      100%       2d18      1%          3
d - Inner Flame           Hex/Fire       84%        N/A       1%          3
e - Flame Wave            Conj/Fire      84%        2d18      1%          4
f - Shock                 Conj/Air       100%       1d9       0%          1
g - Searing Ray           Conj           100%       2d8       0%          2
h - Wereblood             Tmut           84%        N/A       0%          2
i - Frozen Ramparts       Ice            100%       1d16      1%          3
j - Sticky Flame          Conj/Fire      84%        2d10      1%          4
k - Fireball              Conj/Fire      42%        3d17      1%          5
Your spell library was empty.

Dungeon Overview and Level Annotations

Branches:
Dungeon (12/15)            Temple (1/1) D:6            Lair (5/5) D:10
    Orc (0/2) D:12          Sewer (visited)         Volcano (visited)
  Swamp: Lair:2-3    Shoals: Lair:2-3     Snake: Lair:2-3    Spider: Lair:2-3
  Slime: Lair:4-5

Altars:
Ashenzari
Cheibriados
Dithmenos
Elyvilon
Fedhas
Gozag
Hepliaklqana
Makhleb
Nemelex Xobeh
Okawaru
Qazlal
Ru
Trog
Uskayaw
Wu Jian
Xom
Yredelemnul
Zin
The Shining One

Shops:
D:4 ?   D:10 ?   D:11 [:?*

Annotations:
D:3 2 transporters, MrAu's ghost, amateur HuFi
D:8 3 runed translucent doors, pzskc383's ghost, novice GrFi
D:9 2 transporters, McKennaii's ghost, novice DgCj
D:10 2 transporters


Innate Abilities, Weirdness & Mutations

You are immune to sickness and miasma.
You are immune to poison.
Your flesh is very heat resistant. (rF++)
You are vulnerable to cold. (rC-)
You float through the air rather than walking.
You learn spells naturally, not from books.
Your magical power is your life essence.
You have superior vitality. (+4 MHP)


Message History

Press: ? - help, Q - select action, (/) - cycle Shift-Dir - straight line The fireball explodes!
The fireball engulfs the rime drake!!
The rime drake is severely wounded.
The fireball engulfs the fire crab.
The fire crab completely resists.
The fire dragon roars deafeningly!
A steam dragon comes into view.
A rime drake comes into view.
The rime drake breathes ice at you. The icy flash freeze hits you!!
You feel a painful chill!
You are encased in ice.
The rime drake hisses angrily.
Aiming: Fireball (safe; 1% risk of failure)
Press: ? - help, Q - select action, (/) - cycle Shift-Dir - straight line, f - rime drake
Aim: a rime drake (severely wounded, catching its breath)
The fireball explodes!
The fireball engulfs the rime drake!!
You kill the rime drake!
Makhleb accepts your kill.
You feel better. The fire crab breathes flames at you.
The blast of flame engulfs you. You resist.
A rime drake comes into view.
As you read the scroll of teleportation, it crumbles to dust.
You feel strangely unstable.
You are engulfed in blazing flames.
You resist. The fire dragon breathes flames at you.
The blast of flame hits you. You resist.
* * * LOW HITPOINT WARNING * * *
The steam dragon breathes steam at you.
The ball of steam hits the fire crab.
The fire crab resists.
The ball of steam misses you.
You are engulfed in blazing flames.
You resist.
* * * LOW HITPOINT WARNING * * *
The ice encasing you melts away. The rime drake breathes ice at you.
The icy flash freeze hits you!
You feel a painful chill!
* * * LOW HITPOINT WARNING * * *
You are encased in ice.
A steam dragon comes into view.
The steam dragon breathes steam at you.
The ball of steam hits the fire crab.
The fire crab resists.
The ball of steam hits you. You resist.
You die...

*.#.#....≈.#*****~**,,
*#..D†.≈...# *****,
#..D...≈.#* ***~,
#..§k†.k#* **,,,*
*..§§D.#* *,,,**
*#°§°..## *<***
##°°°k.≈##*## ***
##.°○t...≈#§≈#
#.°°#@...§≈#**
##.[##...######*******
###...#........,,,,,,,
#....#.........,,,,,,,
##P..##........,,,,,,,
##........#.##,,,,,,,
##.......P#*#***,,,,*
##........P#*###..,,,*
#....†....###P.#...,,*


You could see a fire dragon (catching breath), a fire crab, 3 rime drakes and 2
steam dragons.

Vanquished Creatures
  Snorg (D:12)
  A catoblepas (Lair:2)
  2 hydras
  8 death yaks
  Urug (Lair:5)
  4 two-headed ogres
  2 skeletal warriors (Volcano)
  A bog body (Lair:3)
  2 cyclopes
  Maurice (D:11)
  Joseph (D:8)
  3 black mambas
  6 elephants (Lair:5)
  3 gargoyles (Volcano)
  9 cane toads
  3 unseen horror zombies (D:8)
  An unseen horror (D:10)
  4 rime drakes (Lair:5)
  2 komodo dragons
  A kobold demonologist (D:7)
  5 trolls
  2 harpy skeletons (Volcano)
  13 blink frogs
  3 flying skulls (Volcano)
  A shadow (D:12)
  A vampire (D:12)
  2 wyverns
  5 basilisks
  A wraith (D:9)
  27 yaks
  8 steam dragons
  Edmund (D:5)
  2 wargs (D:10)
  5 acid dragons
  11 water moccasins
  4 black bears
  An ice beast (D:6)
  9 orc warriors
  A sky beast (D:8)
  4 ogres (D:12)
  15 wolves
  4 centaurs
  7 kobold brigands
  5 gnoll sergeants
  5 bullfrogs
  3 scorpions
  A wyvern zombie (D:8)
  25 wights
  9 killer bees
  2 howler monkeys
  2 spriggan skeletons (Volcano)
  A crimson imp (D:6)
  2 hounds
  2 centaur zombies (D:8)
  5 jellies
  7 orc priests
  3 iguanas (D:5)
  2 sleepcaps
  Terence (D:2)
  6 orc wizards
  A killer bee zombie (D:8)
  A naga skeleton (Volcano)
  2 howler monkey zombies (D:8)
  12 gnolls
  13 adders
  3 river rats (Sewer)
  4 white imps
  10 worms
  A dart slug (D:2)
  30 orcs
  9 endoplasms
  4 giant cockroaches
  4 hobgoblins
  7 jackals
  11 kobolds
  2 quokkas
  8 ball pythons
  5 bats
  2 frilled lizards
  6 goblins
  8 rats
412 creatures vanquished.

Vanquished Creatures (collateral kills)
  2 foxfires (Lair:3)
2 creatures vanquished.

Vanquished Creatures (others)
  A yak (Lair:5)
  670 foxfires
671 creatures vanquished.

Grand Total: 1085 creatures vanquished

Notes
Turn   | Place    | Note
-------+----------+-------------------------------------------
     0 | D:1      | AIAndy the Djinni Fire Elementalist began the quest for the
                  | Orb.
     0 | D:1      | AIAndy set off with the following spells memorised:
                  | Foxfire, Scorch, Volatile Blastmotes, Inner Flame, Flame
                  | Wave.
     0 | D:1      | Reached XP level 1. HP: 15/15 MP: 0/0
     0 | D:1      | Noticed a tentacled monstrosity
     0 | D:1      | Noticed a tentacled monstrosity
     1 | D:1      | Noticed an ice dragon
     3 | D:1      | Noticed an orb of fire
     5 | D:1      | Noticed a shadow dragon
     6 | D:1      | Noticed an orb of fire
     8 | D:1      | Noticed an ice dragon
    12 | D:1      | Noticed an iron dragon
    14 | D:1      | Noticed an orb of fire
    14 | D:1      | Noticed an iron dragon
    16 | D:1      | Noticed an ice dragon
    16 | D:1      | Noticed a tentacled monstrosity
    19 | D:1      | Noticed a white draconian
    19 | D:1      | Noticed an orb of fire
    19 | D:1      | Noticed an ice dragon
    23 | D:1      | Noticed a tentacled monstrosity
   174 | D:1      | Reached XP level 2. HP: 19/21 MP: 0/0
   804 | D:2      | Reached XP level 3. HP: 24/25 MP: 0/0
   804 | D:2      | Learned a level 1 spell: Shock
   811 | D:2      | Noticed Terence
   821 | D:2      | Killed Terence
   822 | D:2      | Reached skill level 3 in Spellcasting
   940 | D:2      | Reached XP level 4. HP: 30/31 MP: 0/0
  1452 | D:3      | Reached XP level 5. HP: 25/35 MP: 0/0
  1452 | D:3      | Learned a level 2 spell: Searing Ray
  1454 | D:3      | Reached skill level 4 in Spellcasting
  1694 | D:3      | Found a glowing drain.
  1703 | Sewer    | Entered a sewer
  1765 | Sewer    | Noticed a kobold brigand
  1773 | Sewer    | Killed a kobold brigand
  1774 | Sewer    | Reached XP level 6. HP: 38/40 MP: 0/0
  1827 | Sewer    | Reached skill level 5 in Spellcasting
  1966 | Sewer    | Reached XP level 7. HP: 36/45 MP: 0/0
  1966 | Sewer    | Learned a level 2 spell: Wereblood
  2247 | Sewer    | Reached skill level 6 in Spellcasting
  2511 | D:3      | Reached skill level 11 in Spellcasting
  2511 | D:3      | Reached XP level 8. HP: 50/50 MP: 0/0
  2512 | D:3      | Reached skill level 13 in Spellcasting
  2512 | D:3      | Reached XP level 9. HP: 55/55 MP: 0/0
  2512 | D:3      | Learned a level 3 spell: Frozen Ramparts
  2524 | D:3      | Found a transporter.
  2527 | D:3      | Noticed MrAu's ghost (amateur HuFi)
  2646 | D:3      | Found a transporter.
  2804 | D:3      | Found a sparkling altar of Nemelex Xobeh.
  3379 | D:4      | Found Pogul's Magic Scroll Shoppe.
  3611 | D:4      | Found Vaehir's Armour Emporium.
  3761 | D:5      | Entered Level 5 of the Dungeon
  3824 | D:5      | Reached XP level 10. HP: 58/61 MP: 0/0
  3828 | D:5      | Reached skill level 1 in Fighting
  3886 | D:5      | Noticed Edmund
  3895 | D:5      | Killed Edmund
  4573 | D:6      | Found a staircase to the Ecumenical Temple.
  4584 | Temple   | Entered the Ecumenical Temple
  4836 | Temple   | Became a worshipper of Makhleb the Destroyer
  5222 | D:7      | Noticed a kobold demonologist
  5224 | D:7      | Noticed an orange demon
  5227 | D:7      | Noticed a sun demon
  5227 | D:7      | Killed a kobold demonologist
  5857 | D:8      | Noticed a two-headed ogre
  5907 | D:7      | Reached * piety under Makhleb
  6058 | D:7      | Reached XP level 11. HP: 65/71 MP: 0/0
  6058 | D:7      | Learned a level 4 spell: Sticky Flame
  6155 | D:8      | Reached skill level 5 in Dodging
  6245 | D:8      | Killed a two-headed ogre
  6468 | D:8      | Found a runed translucent gate.
  6468 | D:8      | Found a runed translucent gate.
  6468 | D:8      | Found a runed translucent gate.
  6468 | D:8      | Noticed pzskc383's ghost (novice GrFi)
  6476 | D:8      | Found a basalt altar of Yredelemnul.
  6543 | D:8      | Found a bloodstained altar of Trog.
  6554 | D:8      | Identified the +0 robe "Duvuadgh" {Rampage rN++ Will+ Dex-2
                  | Stlth+}
  6685 | D:8      | Found an opulent altar of Gozag.
  6780 | D:8      | Reached ** piety under Makhleb
  6790 | D:8      | Noticed Joseph
  6802 | D:8      | Killed Joseph
  6874 | D:8      | Reached skill level 5 in Fighting
  7186 | D:9      | Found a blossoming altar of Fedhas.
  7340 | D:9      | Found a shimmering altar of Xom.
  7398 | D:9      | Found a transporter.
  7398 | D:9      | Noticed McKennaii's ghost (novice DgCj)
  7417 | D:9      | Reached skill level 14 in Spellcasting
  7507 | D:9      | Found a transporter.
  8130 | D:10     | Entered Level 10 of the Dungeon
  8239 | D:10     | Reached XP level 12. HP: 74/82 MP: 0/0
  8315 | D:10     | Found Erphamesm's Magic Scroll Shop.
  8318 | D:10     | Bought a scroll of fear for 56 gold pieces
  8318 | D:10     | Bought a scroll of identify for 28 gold pieces
  8319 | D:10     | Bought a scroll of identify for 28 gold pieces
  8364 | D:10     | Reached *** piety under Makhleb
  8376 | D:10     | Found a staircase to the Lair.
  8638 | D:10     | Found a transporter.
  8670 | D:10     | Found a transporter.
  8774 | D:10     | Found a transporter.
  8827 | D:10     | Found a transporter.
  8949 | D:10     | Bought a scroll of identify for 28 gold pieces
  8964 | D:11     | Identified the +0 leather armour "Exuef" {rC++}
  8995 | D:11     | Found Neciem's Magic Scroll Emporium.
  9106 | D:11     | Found Zymetzug's Book Boutique.
  9129 | D:11     | Noticed Maurice
  9140 | D:11     | Killed Maurice
  9229 | D:11     | You are sucked into a shaft and drop 1 floor!
  9255 | D:12     | Noticed Snorg
  9266 | D:12     | Killed Snorg
  9273 | D:12     | Noticed a skeletal warrior
  9405 | D:11     | Noticed a two-headed ogre
  9413 | D:11     | Killed a two-headed ogre
  9483 | D:11     | Found Cefir's Armour Boutique.
  9525 | D:11     | Found Kaydeoc's Assorted Antiques.
  9973 | D:12     | Noticed a two-headed ogre
  9979 | D:12     | Killed a two-headed ogre
 10173 | D:12     | Noticed a two-headed ogre
 10179 | D:12     | Killed a two-headed ogre
 10367 | D:12     | Found a staircase to the Orcish Mines.
 10376 | D:12     | Reached skill level 1 in Evocations
 10634 | D:12     | Noticed a skeletal warrior
 10634 | D:12     | Noticed a boulder beetle
 10744 | Lair:1   | Entered Level 1 of the Lair of Beasts
 10848 | Lair:1   | Reached XP level 13. HP: 92/92 MP: 0/0
 10848 | Lair:1   | Learned a level 5 spell: Fireball
 11038 | Lair:1   | Reached **** piety under Makhleb
 11791 | Lair:2   | Noticed a catoblepas
 11798 | Lair:2   | Killed a catoblepas
 12188 | Lair:2   | Noticed a four-headed hydra
 12193 | Lair:2   | Killed a four-headed hydra
 12194 | Lair:2   | Reached skill level 15 in Spellcasting
 12434 | Lair:3   | Noticed a four-headed hydra
 12482 | Lair:3   | Killed a four-headed hydra
 12505 | Lair:3   | Reached skill level 10 in Fighting
 12573 | Lair:3   | You are sucked into a shaft and drop 2 floors!
 12573 | Lair:5   | Entered Level 5 of the Lair of Beasts
 12580 | Lair:5   | Reached ***** piety under Makhleb
 12582 | Lair:5   | Noticed Urug
 12649 | Lair:5   | Reached XP level 14. HP: 84/103 MP: 0/0
 12701 | Lair:5   | Identified the +7 sling "Nulo" {drain, SInv}
 12747 | Lair:5   | Found a dark tunnel.
 12752 | Volcano  | Entered a volcano
 13164 | Lair:5   | Killed Urug
 13285 | Lair:5   | Reached skill level 16 in Spellcasting
 13288 | Lair:5   | Killed from afar by a steam dragon

Illustrated notes

Levels and vault maps discovered:
D:1:      shiori_arrival_whats_in_store_for_you, layout_loops_ring,
          minmay_pentomino_v2
D:2:      layout_rooms, kennysheep_generic_room_9, uniq_terence
D:3:      layout_loops_ring, minitemple, gammafunk_ghost_mausoleum,
          cheibrodos_sewer_entry_sluice
D:4:      layout_loops_ring, kennysheep_little_box, serial_shops,
          nicolae_shop_crystal, shop
D:5:      layout_basic, st_stairs_3, serial_park_tiny_1, uniq_edmund
D:6:      layout_rooms, minmay_temple_entry_stoned_glass, minmay_fire_ice_demons
D:7:      layout_cave_pools
D:8:      minmay_four_partial_circles, layout_basic,
          mainiacjoe_overflow_24_doors, nicolae_yredelemnul_ghost_church,
          nicolae_overflow_hidden_temple, serial_undead, serial_undead_f,
          serial_undead_d, serial_undead_f, serial_undead_d, uniq_joseph
D:9:      layout_loops_ring, lemuel_doored_altar, mainiacjoe_overflow_paths,
          gammafunk_ghost_stat_death
D:10:     layout_roguey, erik_lair_orcish_takeover, serial_shops, shop,
          nicolae_diode_intersection
D:11:     layout_loops_ring, serial_shops, nicolae_lakefront_shop, shop,
          nicolae_shop_tiny_glass, shop, item_on_display_a, uniq_maurice
D:12:     layout_long_grid, kennysheep_orc_monster_closet_entryway, uniq_snorg
Temple:   dpeg_chambers_temple
Lair:1:   layout_regular_city, grunt_megastairs_4
Lair:2:   layout_small_grid
Lair:3:   layout_chaotic_city, skrybe_swamp_entry_bodies,
          minmay_snake_entry_guardpost_small, lemuel_fruit_tree, uniq_nergalle
Lair:5:   evilmike_catoblepas_cave, layout_small_grid, enter_volcano_4,
          chequers_serial_rivers_micro_c, bobbens_dragon_lair_wall, uniq_urug

Skill      XL: |  1  2  3  4  5  6  7  8  9 10 11 12 13 14 |
---------------+-------------------------------------------+-----
Stealth        | 2 |  2.0
Spellcasting   | 3 4 5 11 13 14 15 16 | 16.0
Dodging        | 3 4 7 9 |  9.0
Fighting       | 3 5 7 10 11 | 11.9
Evocations     | 2 |  2.0

Action                     |  1- 3 |  4- 6 |  7- 9 | 10-12 | 13-15 || total
---------------------------+-------+-------+-------+-------+-------++-------
  Melee: Unarmed           |     1 |     2 |       |       |       ||     3
         Punch             |       |     1 |       |       |       ||     1
   Cast: Foxfire           |    54 |    83 |    66 |   191 |    47 ||   441
         Scorch            |       |     7 |    46 |   268 |     1 ||   322
         Searing Ray       |       |     1 |       |     3 |     1 ||     5
         Shock             |       |       |       |     9 |     2 ||    11
         Flame Wave        |       |       |       |    12 |     9 ||    21
         Sticky Flame      |       |       |       |    33 |       ||    33
         Frozen Ramparts   |       |       |       |    10 |       ||    10
         Fireball          |       |       |       |       |   170 ||   170
    Use: Scroll            |       |     7 |     3 |    12 |     6 ||    28
         Potion            |       |       |     2 |       |       ||     2
 Armour: Robe              |     4 |     1 |     3 |     8 |       ||    16
         Acid dragon scale |       |       |       |    19 |    20 ||    39
  Dodge: Dodged            |     5 |     7 |    11 |   126 |    62 ||   211
